WCHLSIM.com - West Coast Hockey League
Dernière mise à jour: 2025-12-07 16:11:59
html PUBLIC "-//W3C//DTD XHTML 1.0 Transitional//EN" "http://www.w3.org/TR/xhtml1/DTD/xhtml1-transitional.dtd"> WCHL - Game 1117 - SASKATOON DUCKS vs LAS VEGAS LIZARD KINGS

SASKATOON DUCKS vs LAS VEGAS LIZARD KINGS

Created - 26 mars 2025 at 14:31

Goals
1 2 3 T
SASKATOON DUCKS 1 0 2 3
LAS VEGAS LIZARD KINGS 0 1 0 1
Shots
1 2 3 T
SASKATOON DUCKS 5 5 9 19
LAS VEGAS LIZARD KINGS 5 13 4 22

1st period

1. SASKATOON DUCKS , Jimmy Vesey 3 (Alex Goligoski 1, Patrik Laine 17) at 12:24

Penalties :
Simon Nemec (LVG) for Interference (Minor) at 17:03

2nd period

2. LAS VEGAS LIZARD KINGS , Sean Couturier 5 (William Cuylle 5, Matt Roy 21) at 5:46

Penalties :
No Penalty

3rd period

3. SASKATOON DUCKS , Cole Perfetti 9 (Jake Sanderson 40) at 9:22
4. SASKATOON DUCKS , Cole Perfetti 10 (Jordan Staal 30, Alex Goligoski 2) at 19:09

Penalties :
William Cuylle (LVG) for Hooking (Minor) at 2:20

Goalie Stats

Cayden Primeau (SAS), 21 saves from 22 shots - (0,955), W, 15-28-1, 60:00 minutes
Kaapo Kahkonen (LVG), 16 saves from 19 shots - (0,842), L, 6-8-1, 60:00 minutes

Players Stats for SASKATOON DUCKS

Player Name              G  A  P  +/- PIM S  H  SB GA TA FO     MP     PP MP  PK MP  
------------------------------------------------------------------------------------
Alex Goligoski           0  2  2   2  0   1  2  1  0  0  0/0    13:12   0:55   0:00 
Andrew Peeke             0  0  0  -1  0   0  2  3  0  0  0/0    21:15   1:24   0:00 
Brandon Biro             0  0  0   0  0   0  0  0  0  0  0/1    15:51   1:08   0:00 
Brett Harrison           0  0  0  -1  0   0  2  0  0  0  0/0    11:16   0:00   0:00 
Cole Perfetti            2  0  2   2  0   3  0  1  0  0  0/1    18:04   1:55   0:00 
Emil Martinsen Lilleberg 0  0  0   2  0   1  7  1  0  0  0/0    18:23   0:00   0:00 
Erik Gustafsson          0  0  0  -1  0   0  0  3  0  0  0/0    21:15   1:24   0:00 
Jake Sanderson           0  1  1   1  0   1  1  5  0  0  0/0    26:39   2:34   0:00 
Jimmy Vesey              1  0  1   1  0   1  3  0  0  0  1/1    14:49   0:55   0:00 
Jordan Staal             0  1  1   2  0   1  0  0  0  0  11/15  17:48   1:39   0:00 
Kailer Yamamoto          0  0  0   2  0   4  1  0  0  0  0/0    16:33   0:24   0:00 
Mathieu Joseph           0  0  0   0  0   3  0  1  0  0  0/0    16:38   1:55   0:00 
Matthew Stienburg        0  0  0  -1  0   0  0  1  0  0  0/1    11:16   0:00   0:00 
Max Domi                 0  0  0   0  0   2  3  0  0  0  6/16   16:38   1:55   0:00 
Patrik Laine             0  1  1   1  0   1  0  0  0  0  1/1    15:57   2:03   0:00 
Skyler Brind'Amour       0  0  0  -1  0   0  0  0  0  0  7/12   11:16   0:00   0:00 
Tyson Jost               0  0  0   1  0   1  0  0  0  0  10/23  13:54   0:00   0:00 
Victor Mete              0  0  0   1  0   0  0  0  0  0  0/0    19:16   1:39   0:00 

Players Stats for LAS VEGAS LIZARD KINGS

Player Name              G  A  P  +/- PIM S  H  SB GA TA FO     MP     PP MP  PK MP  
------------------------------------------------------------------------------------
Dmitry Kulikov           0  0  0   0  0   0  0  0  0  0  0/0    18:34   0:00   0:51 
Drew O'Connor            0  0  0  -1  0   1  1  1  0  0  1/1    11:18   0:00   0:00 
Dylan Holloway           0  0  0  -1  0   3  2  1  0  0  1/2    17:00   0:00   0:00 
Evan Rodrigues           0  0  0  -1  0   0  0  0  0  0  0/2    17:00   0:00   0:00 
John Marino              0  0  0   0  0   0  1  1  0  0  0/0    21:44   0:00   2:03 
Johnny Gaudreau          0  0  0   0  0   2  0  0  0  0  1/3    16:37   0:00   0:00 
Luke Glendening          0  0  0   0  0   0  0  0  0  0  1/1    11:07   0:00   0:00 
Matt Roy                 0  1  1   0  0   1  0  1  0  0  0/0    17:43   0:00   0:00 
Nazem Kadri              0  0  0  -1  0   4  1  0  0  0  9/17   19:18   0:00   2:18 
Niko Mikkola             0  0  0  -2  0   0  2  2  0  0  0/0    18:01   0:00   2:13 
Ryan McDonagh            0  0  0   0  0   1  2  0  0  0  0/0    24:16   0:00   1:45 
Ryan Nugent-Hopkins      0  0  0   0  0   3  0  0  0  0  15/23  18:55   0:00   2:18 
Sean Couturier           1  0  1   0  0   3  0  0  0  0  5/10   12:47   0:00   1:40 
Simon Nemec              0  0  0  -2  2   0  0  0  0  0  0/0    19:41   0:00   1:04 
Ty Dellandrea            0  0  0  -1  0   1  4  0  0  0  2/12   11:18   0:00   0:00 
Vladislav Namestnikov    0  0  0   0  0   0  3  0  0  0  0/0    18:17   0:00   1:40 
William Cuylle           0  1  1   0  2   2  1  0  0  0  0/0    11:06   0:00   0:00 
Zemgus Girgensons        0  0  0  -1  0   1  1  0  0  0  0/0    11:18   0:00   0:00 

3 Stars

1 - Cole Perfetti (SAS)
2 - Alex Goligoski (SAS)
3 - Jimmy Vesey (SAS)

Power Play

SASKATOON DUCKS - 0 on 2 Attempt(s) - 0,00%
LAS VEGAS LIZARD KINGS - 0 on 0 Attempt(s) - 0,00%

Penalty Kill

SASKATOON DUCKS - 0 on 0 Attempt(s) - 0,00% - Score 0 goal in Penalty Kill
LAS VEGAS LIZARD KINGS - 2 on 2 Attempt(s) - 100,00% - Score 0 goal in Penalty Kill

Team Stat

SASKATOON DUCKS - Hits : 21 - Faceoff Wins : 36 - Blocked Shots : 16 - Penalty Minutes : 0
LAS VEGAS LIZARD KINGS - Hits : 18 - Faceoff Wins : 35 - Blocked Shots : 6 - Penalty Minutes : 4

Official

Referees : Eric Furlatt and Furman South
Linesman : Darren Gibbs and Justin Cornell

Game Notes

No Game Note

Finance

Level 1 -- Attendance: 4856 (77,45%) -- Ticket Income 1 068 320 $
Level 2 -- Attendance: 4089 (64,70%) -- Ticket Income 613 350 $
Level 3 -- Attendance: 1976 (94,55%) -- Ticket Income 256 880 $
Level 4 -- Attendance: 3448 (79,81%) -- Ticket Income 344 800 $
Luxury Box -- Attendance: 895 (89,50%) -- Ticket Income 358 000 $
Game was played at the Casino Square Garden.
Total Attendance: 15264 (76,32%)
Total Ticket Income: 2 641 350 $
Other Expense: 26 414 $
Total Income: 2 614 936 $

SASKATOON DUCKS

5 vs 5 Forward 
   Center                   Left Wing                Right Wing               Time % Phy DF OF 
 1 Jordan Staal             Cole Perfetti            Kailer Yamamoto          30     1   2  2  
 2 Max Domi                 Mathieu Joseph           Brandon Biro             25     1   2  2  
 3 Tyson Jost               Jimmy Vesey              Patrik Laine             25     1   2  2  
 4 Skyler Brind'Amour       Brett Harrison           Matthew Stienburg        20     1   2  2  

5 vs 5 Defense 
   Defense                  Defense                                           Time % Phy DF OF 
 1 Jake Sanderson           Emil Martinsen Lilleberg                          31     1   2  2  
 2 Erik Gustafsson          Andrew Peeke                                      31     1   2  2  
 3 Alex Goligoski           Victor Mete                                       23     1   2  2  
 4 Victor Mete              Jake Sanderson                                    15     1   2  2  

PowerPlay Forward 
   Center                   Left Wing                Right Wing               Time % Phy DF OF 
 1 Jordan Staal             Brandon Biro             Patrik Laine             55     1   2  2  
 2 Max Domi                 Mathieu Joseph           Cole Perfetti            45     1   2  2  

PowerPlay Defense
   Defense                  Defense                                           Time % Phy DF OF 
 1 Jake Sanderson           Victor Mete                                       55     1   2  2  
 2 Erik Gustafsson          Andrew Peeke                                      45     1   2  2  

Penalty Kill 4 Players Forward 
   Center                   Wing                     Time % Phy DF OF 
 1 Jordan Staal             Kailer Yamamoto          55     1   2  2  
 2 Patrik Laine             Max Domi                 45     1   2  2  

Penalty Kill 4 Players Defense
   Defense                  Defense                  Time % Phy DF OF 
 1 Jake Sanderson           Alex Goligoski           55     1   2  2  
 2 Erik Gustafsson          Andrew Peeke             45     1   2  2  

Penalty Kill - 3 Players Forward 
   Forward                                           Time % Phy DF OF 
 1 Jordan Staal                                      55     1   2  2  
 2 Kailer Yamamoto                                   45     1   2  2  

Penalty Kill - 3 Players Defense
   Defense                  Defense                  Time % Phy DF OF 
 1 Jake Sanderson           Victor Mete              55     1   2  2  
 2 Erik Gustafsson          Andrew Peeke             45     1   2  2  

4 vs 4 Forward 
   Center                   Wing                     Time % Phy DF OF 
 1 Jordan Staal             Brandon Biro             55     1   2  2  
 2 Patrik Laine             Max Domi                 45     1   2  2  

4 vs 4 Defense
   Defense                  Defense                  Time % Phy DF OF 
 1 Jake Sanderson           Emil Martinsen Lilleberg 55     1   2  2  
 2 Erik Gustafsson          Andrew Peeke             45     1   2  2  

Last Minutes Offensive
   Center                   Left Wing                Right Wing               Defense                  Defense                  
   Jordan Staal             Cole Perfetti            Patrik Laine             Jake Sanderson           Emil Martinsen Lilleberg 

Last Minutes Defensive
   Center                   Left Wing                Right Wing               Defense                  Defense                  
   Jordan Staal             Cole Perfetti            Patrik Laine             Jake Sanderson           Emil Martinsen Lilleberg 

Goaltenders
Starting : Cayden Primeau           
Backup : Karel Vejmelka           

Extra Forwards
Normal : Jimmy Vesey, Kailer Yamamoto, Tyson Jost - PP : Jimmy Vesey, Kailer Yamamoto - PK : Tyson Jost
Extra Defensemen
Normal : Alex Goligoski, Jake Sanderson, Victor Mete - PP : Alex Goligoski - PK : Jake Sanderson, Victor Mete
Penalty Shots
Jordan Staal, Jake Sanderson, Patrik Laine, Max Domi, Mathieu Joseph
Custom OT Lines Forwards
Jordan Staal, Matthew Stienburg, Patrik Laine, Max Domi, Mathieu Joseph, Cole Perfetti, Jimmy Vesey, Kailer Yamamoto, Tyson Jost, Brandon Biro
Custom OT Lines Defensemen
Jake Sanderson, Emil Martinsen Lilleberg, Erik Gustafsson, Andrew Peeke, Alex Goligoski

Scratches
Jake Guentzel (Back Injury), Ryan Strome (Back Injury), Samuel Girard (Sore Left Knee Injury), Ondrej Palat (Left Leg Injury)

LAS VEGAS LIZARD KINGS

5 vs 5 Forward 
   Center                   Left Wing                Right Wing               Time % Phy DF OF 
 1 Ryan Nugent-Hopkins      Johnny Gaudreau          Vladislav Namestnikov    30     1   2  2  
 2 Nazem Kadri              Dylan Holloway           Evan Rodrigues           30     1   2  2  
 3 Sean Couturier           William Cuylle           Luke Glendening          20     1   2  2  
 4 Ty Dellandrea            Drew O'Connor            Zemgus Girgensons        20     1   2  2  

5 vs 5 Defense 
   Defense                  Defense                                           Time % Phy DF OF 
 1 Ryan McDonagh            John Marino                                       35     1   2  2  
 2 Dmitry Kulikov           Matt Roy                                          30     1   2  2  
 3 Niko Mikkola             Simon Nemec                                       25     1   2  2  
 4 Simon Nemec              Ryan McDonagh                                     10     1   2  2  

PowerPlay Forward 
   Center                   Left Wing                Right Wing               Time % Phy DF OF 
 1 Ryan Nugent-Hopkins      Johnny Gaudreau          Vladislav Namestnikov    55     1   2  2  
 2 Nazem Kadri              Dylan Holloway           Evan Rodrigues           45     1   2  2  

PowerPlay Defense
   Defense                  Defense                                           Time % Phy DF OF 
 1 Ryan McDonagh            John Marino                                       55     1   2  2  
 2 Simon Nemec              Matt Roy                                          45     1   2  2  

Penalty Kill 4 Players Forward 
   Center                   Wing                     Time % Phy DF OF 
 1 Ryan Nugent-Hopkins      Nazem Kadri              55     1   2  2  
 2 Sean Couturier           Vladislav Namestnikov    45     1   2  2  

Penalty Kill 4 Players Defense
   Defense                  Defense                  Time % Phy DF OF 
 1 Ryan McDonagh            John Marino              55     1   2  2  
 2 Simon Nemec              Niko Mikkola             45     1   2  2  

Penalty Kill - 3 Players Forward 
   Forward                                           Time % Phy DF OF 
 1 Sean Couturier                                    55     1   2  2  
 2 Nazem Kadri                                       45     1   2  2  

Penalty Kill - 3 Players Defense
   Defense                  Defense                  Time % Phy DF OF 
 1 Ryan McDonagh            John Marino              55     1   2  2  
 2 Simon Nemec              Matt Roy                 45     1   2  2  

4 vs 4 Forward 
   Center                   Wing                     Time % Phy DF OF 
 1 Ryan Nugent-Hopkins      Nazem Kadri              55     1   2  2  
 2 Johnny Gaudreau          Vladislav Namestnikov    45     1   2  2  

4 vs 4 Defense
   Defense                  Defense                  Time % Phy DF OF 
 1 Ryan McDonagh            John Marino              55     1   2  2  
 2 Simon Nemec              Matt Roy                 45     1   2  2  

Last Minutes Offensive
   Center                   Left Wing                Right Wing               Defense                  Defense                  
   Ryan Nugent-Hopkins      Johnny Gaudreau          Vladislav Namestnikov    Ryan McDonagh            John Marino              

Last Minutes Defensive
   Center                   Left Wing                Right Wing               Defense                  Defense                  
   Ryan Nugent-Hopkins      Johnny Gaudreau          Vladislav Namestnikov    Ryan McDonagh            John Marino              

Goaltenders
Starting : Kaapo Kahkonen           
Backup : Sergei Bobrovsky         

Extra Forwards
Normal : William Cuylle, Drew O'Connor, Luke Glendening - PP : William Cuylle, Drew O'Connor - PK : Luke Glendening
Extra Defensemen
Normal : Niko Mikkola, Dmitry Kulikov, Simon Nemec - PP : Niko Mikkola - PK : Dmitry Kulikov, Simon Nemec
Penalty Shots
Ryan Nugent-Hopkins, Nazem Kadri, Johnny Gaudreau, Sean Couturier, Vladislav Namestnikov
Custom OT Lines Forwards
Ryan Nugent-Hopkins, Nazem Kadri, Johnny Gaudreau, Vladislav Namestnikov, Dylan Holloway, Sean Couturier, William Cuylle, Drew O'Connor, Luke Glendening, Zemgus Girgensons
Custom OT Lines Defensemen
Ryan McDonagh, John Marino, Simon Nemec, Matt Roy, Niko Mikkola

Scratches
None


% Time on Ice - SASKATOON DUCKS

Lines # - Real PCT - Wanted PCT - Time Play
Normal Forward
1 - 29% - 30% - 16:09
2 - 26% - 25% - 14:43
3 - 25% - 25% - 13:54
4 - 20% - 20% - 11:16
Normal Defense
1 - 33% - 31% - 18:23
2 - 35% - 31% - 19:51
3 - 20% - 23% - 11:09
4 - 12% - 15% - 6:39
PP Forward
1 - 52% - 55% - 2:03
2 - 48% - 45% - 1:55
PP Defense
1 - 65% - 55% - 2:34
2 - 35% - 45% - 1:24
PK Forward
1 - 0% - 55%
2 - 0% - 45%
PK Defense
1 - 0% - 55%
2 - 0% - 45%
PK3 Forward
1 - 0% - 55%
2 - 0% - 45%
PK3 Defense
1 - 0% - 55%
2 - 0% - 45%
44 Forward
1 - 0% - 55%
2 - 0% - 45%
44 Defense
1 - 0% - 55%
2 - 0% - 45%
Last Minute Offensive  - 0:00
Last Minute Defensive  - 0:00
Total
Forward - 60:00
Defense - 60:00

% Time on Ice - LAS VEGAS LIZARD KINGS

Lines # - Real PCT - Wanted PCT - Time Play
Normal Forward
1 - 30% - 30% - 16:37
2 - 30% - 30% - 17:00
3 - 20% - 20% - 11:07
4 - 20% - 20% - 11:18
Normal Defense
1 - 35% - 35% - 19:41
2 - 32% - 30% - 17:43
3 - 25% - 25% - 13:59
4 - 8% - 10% - 4:39
PP Forward
1 - 0% - 55%
2 - 0% - 45%
PP Defense
1 - 0% - 55%
2 - 0% - 45%
PK Forward
1 - 58% - 55% - 2:18
2 - 42% - 45% - 1:40
PK Defense
1 - 44% - 55% - 1:45
2 - 56% - 45% - 2:13
PK3 Forward
1 - 0% - 55%
2 - 0% - 45%
PK3 Defense
1 - 0% - 55%
2 - 0% - 45%
44 Forward
1 - 0% - 55%
2 - 0% - 45%
44 Defense
1 - 0% - 55%
2 - 0% - 45%
Last Minute Offensive  - 0:00
Last Minute Defensive  - 0:00
Total
Forward - 60:00
Defense - 60:00

Play-by-Play

1st period


0:01 of 1st period - Jordan Staal wins face-off versus Ryan Nugent-Hopkins in neutral zone.
0:43 of 1st period - Shot by Ryan Nugent-Hopkins.
0:43 of 1st period - Shot Blocked by Jake Sanderson.
0:45 of 1st period - Shot by John Marino.
0:45 of 1st period - Shot Misses the Net.
1:45 of 1st period - Sean Couturier is hit by Kailer Yamamoto and loses puck.
2:14 of 1st period - Shot by Sean Couturier.
2:14 of 1st period - Stopped by Cayden Primeau without a rebound.
2:15 of 1st period - Max Domi wins face-off versus Ty Dellandrea in SASKATOON DUCKS zone.
2:15 of 1st period - Max Domi is hit by Ty Dellandrea.
2:20 of 1st period - Mathieu Joseph is hit by Ryan McDonagh and loses puck.
2:28 of 1st period - Ryan McDonagh is hit by Andrew Peeke and loses puck.
3:08 of 1st period - Icing by Patrik Laine.
3:09 of 1st period - Nazem Kadri wins face-off versus Tyson Jost in SASKATOON DUCKS zone.
3:18 of 1st period - Shot by Evan Rodrigues.
3:18 of 1st period - Shot Misses the Net.
3:26 of 1st period - Shot by Patrik Laine.
3:26 of 1st period - Stopped by Kaapo Kahkonen without a rebound.
3:27 of 1st period - Skyler Brind'Amour wins face-off versus Ryan Nugent-Hopkins in LAS VEGAS LIZARD KINGS zone.
5:22 of 1st period - Icing by Niko Mikkola.
5:23 of 1st period - Max Domi wins face-off versus Nazem Kadri in LAS VEGAS LIZARD KINGS zone.
6:32 of 1st period - Patrik Laine is hit by Ty Dellandrea and loses puck.
7:05 of 1st period - Off-side.
7:06 of 1st period - Jordan Staal wins face-off versus Johnny Gaudreau in neutral zone.
7:18 of 1st period - Shot by Johnny Gaudreau.
7:18 of 1st period - Shot Misses the Net.
7:20 of 1st period - Shot by Ryan Nugent-Hopkins.
7:20 of 1st period - Shot Blocked by Cole Perfetti.
7:35 of 1st period - Vladislav Namestnikov is hit by Alex Goligoski and loses puck.
7:47 of 1st period - Off-side.
7:48 of 1st period - Nazem Kadri wins face-off versus Max Domi in neutral zone.
8:52 of 1st period - Shot by Sean Couturier.
8:52 of 1st period - Stopped by Cayden Primeau with a rebound.
9:20 of 1st period - Shot by William Cuylle.
9:20 of 1st period - Stopped by Cayden Primeau without a rebound.
9:21 of 1st period - Tyson Jost wins face-off versus Ty Dellandrea in SASKATOON DUCKS zone.
9:34 of 1st period - Shot by Zemgus Girgensons.
9:34 of 1st period - Shot Misses the Net.
9:41 of 1st period - Icing by Alex Goligoski.
9:42 of 1st period - Ryan Nugent-Hopkins wins face-off versus Tyson Jost in SASKATOON DUCKS zone.
10:39 of 1st period - Shot by Mathieu Joseph.
10:39 of 1st period - Shot Misses the Net.
10:56 of 1st period - Off-side.
10:57 of 1st period - Dylan Holloway wins face-off versus Jordan Staal in neutral zone.
11:59 of 1st period - Icing by Simon Nemec.
12:00 of 1st period - Sean Couturier wins face-off versus Tyson Jost in LAS VEGAS LIZARD KINGS zone.
12:00 of 1st period - Sean Couturier is hit by Jimmy Vesey.
12:05 of 1st period - William Cuylle is hit by Alex Goligoski and loses puck.
12:18 of 1st period - Shot by Jimmy Vesey.
12:18 of 1st period - Shot Misses the Net.
12:20 of 1st period - Shot by Patrik Laine.
12:20 of 1st period - Shot Blocked by Niko Mikkola.
12:22 of 1st period - Shot by Alex Goligoski.
12:22 of 1st period - Stopped by Kaapo Kahkonen with a rebound.
12:24 of 1st period - Shot by Jimmy Vesey.
12:24 of 1st period - Goal by Jimmy Vesey - SASKATOON DUCKS : 1 - LAS VEGAS LIZARD KINGS : 0.
12:25 of 1st period - Johnny Gaudreau wins face-off versus Matthew Stienburg in neutral zone.
12:36 of 1st period - Shot by Ryan Nugent-Hopkins.
12:36 of 1st period - Stopped by Cayden Primeau without a rebound.
12:37 of 1st period - Max Domi wins face-off versus Ty Dellandrea in SASKATOON DUCKS zone.
12:47 of 1st period - Shot by Max Domi.
12:47 of 1st period - Stopped by Kaapo Kahkonen without a rebound.
12:48 of 1st period - Ryan Nugent-Hopkins wins face-off versus Tyson Jost in LAS VEGAS LIZARD KINGS zone.
12:48 of 1st period - Johnny Gaudreau is hit by Jimmy Vesey and loses puck.
13:02 of 1st period - Johnny Gaudreau is hit by Emil Martinsen Lilleberg.
13:05 of 1st period - Ryan Nugent-Hopkins is hit by Emil Martinsen Lilleberg and loses puck.
13:20 of 1st period - Patrik Laine is hit by Niko Mikkola and loses puck.
14:20 of 1st period - Off-side.
14:21 of 1st period - Max Domi wins face-off versus Nazem Kadri in neutral zone.
14:44 of 1st period - Shot by Nazem Kadri.
14:44 of 1st period - Shot Misses the Net.
14:46 of 1st period - Shot by Nazem Kadri.
14:46 of 1st period - Shot Blocked by Mathieu Joseph.
14:52 of 1st period - Shot by Nazem Kadri.
14:52 of 1st period - Shot Misses the Net.
15:27 of 1st period - Shot by Emil Martinsen Lilleberg.
15:27 of 1st period - Stopped by Kaapo Kahkonen without a rebound.
15:28 of 1st period - Skyler Brind'Amour wins face-off versus Sean Couturier in LAS VEGAS LIZARD KINGS zone.
16:28 of 1st period - Icing by John Marino.
16:29 of 1st period - Ty Dellandrea wins face-off versus Tyson Jost in LAS VEGAS LIZARD KINGS zone.
16:39 of 1st period - Icing by Jimmy Vesey.
16:40 of 1st period - Tyson Jost wins face-off versus Nazem Kadri in SASKATOON DUCKS zone.
16:40 of 1st period - Jake Sanderson is hit by Dylan Holloway and loses puck.
16:50 of 1st period - Patrik Laine is hit by Niko Mikkola and loses puck.
17:03 of 1st period - Minor Penalty to Simon Nemec for Interference.
17:04 of 1st period - Ryan Nugent-Hopkins wins face-off versus Cole Perfetti in LAS VEGAS LIZARD KINGS zone.
17:41 of 1st period - Niko Mikkola is hit by Max Domi and loses puck.
18:24 of 1st period - Shot by Erik Gustafsson.
18:24 of 1st period - Deflect By Patrik Laine.
18:24 of 1st period - Shot Misses the Net.
18:26 of 1st period - Shot by Erik Gustafsson.
18:26 of 1st period - Shot Misses the Net.
19:21 of 1st period - Shot by Zemgus Girgensons.
19:21 of 1st period - Shot Blocked by Alex Goligoski.
19:27 of 1st period - Shot by Drew O'Connor.
19:27 of 1st period - Shot Misses the Net.
19:29 of 1st period - Shot by Ryan McDonagh.
19:29 of 1st period - Stopped by Cayden Primeau without a rebound.
19:30 of 1st period - Luke Glendening wins face-off versus Tyson Jost in SASKATOON DUCKS zone.
19:44 of 1st period - Icing by Erik Gustafsson.
19:45 of 1st period - Ryan Nugent-Hopkins wins face-off versus Tyson Jost in SASKATOON DUCKS zone.
Goals for this period are 1 for SASKATOON DUCKS vs 0 for LAS VEGAS LIZARD KINGS.
Shots for this period are 5 for SASKATOON DUCKS vs 5 for LAS VEGAS LIZARD KINGS.

2nd period


0:01 of 2nd period - Jordan Staal wins face-off versus Nazem Kadri in neutral zone.
0:22 of 2nd period - Shot by Cole Perfetti.
0:22 of 2nd period - Shot Blocked by Dylan Holloway.
0:24 of 2nd period - Shot by Kailer Yamamoto.
0:24 of 2nd period - Stopped by Kaapo Kahkonen without a rebound.
0:25 of 2nd period - Ryan Nugent-Hopkins wins face-off versus Max Domi in LAS VEGAS LIZARD KINGS zone.
0:27 of 2nd period - Icing by Johnny Gaudreau.
0:28 of 2nd period - Ryan Nugent-Hopkins wins face-off versus Max Domi in LAS VEGAS LIZARD KINGS zone.
0:28 of 2nd period - Ryan Nugent-Hopkins is hit by Max Domi.
0:43 of 2nd period - Shot by Mathieu Joseph.
0:43 of 2nd period - Stopped by Kaapo Kahkonen without a rebound.
0:44 of 2nd period - Nazem Kadri wins face-off versus Jordan Staal in LAS VEGAS LIZARD KINGS zone.
1:06 of 2nd period - Icing by John Marino.
1:07 of 2nd period - Nazem Kadri wins face-off versus Max Domi in LAS VEGAS LIZARD KINGS zone.
1:28 of 2nd period - Shot by Max Domi.
1:28 of 2nd period - Deflect By Mathieu Joseph.
1:28 of 2nd period - Stopped by Kaapo Kahkonen without a rebound.
1:29 of 2nd period - Ryan Nugent-Hopkins wins face-off versus Jordan Staal in LAS VEGAS LIZARD KINGS zone.
1:36 of 2nd period - Shot by Ryan Nugent-Hopkins.
1:36 of 2nd period - Shot Misses the Net.
1:44 of 2nd period - Shot by Ryan Nugent-Hopkins.
1:44 of 2nd period - Stopped by Cayden Primeau without a rebound.
1:45 of 2nd period - Tyson Jost wins face-off versus Ty Dellandrea in SASKATOON DUCKS zone.
1:55 of 2nd period - Shot by Zemgus Girgensons.
1:55 of 2nd period - Stopped by Cayden Primeau with a rebound.
1:57 of 2nd period - Shot by Ty Dellandrea.
1:57 of 2nd period - Stopped by Cayden Primeau without a rebound.
1:58 of 2nd period - Jordan Staal wins face-off versus Sean Couturier in SASKATOON DUCKS zone.
1:58 of 2nd period - Jordan Staal is hit by William Cuylle.
2:30 of 2nd period - Off-side.
2:31 of 2nd period - Ryan Nugent-Hopkins wins face-off versus Max Domi in neutral zone.
2:56 of 2nd period - Shot by Johnny Gaudreau.
2:56 of 2nd period - Stopped by Cayden Primeau without a rebound.
2:57 of 2nd period - Tyson Jost wins face-off versus Ty Dellandrea in SASKATOON DUCKS zone.
3:50 of 2nd period - Nazem Kadri is hit by Jimmy Vesey and loses puck.
4:09 of 2nd period - Shot by Nazem Kadri.
4:09 of 2nd period - Shot Misses the Net.
4:21 of 2nd period - Shot by Nazem Kadri.
4:21 of 2nd period - Shot Misses the Net.
4:25 of 2nd period - Shot by Nazem Kadri.
4:25 of 2nd period - Shot Misses the Net.
5:01 of 2nd period - Shot by Johnny Gaudreau.
5:01 of 2nd period - Shot Misses the Net.
5:04 of 2nd period - Icing by Erik Gustafsson.
5:05 of 2nd period - Sean Couturier wins face-off versus Skyler Brind'Amour in SASKATOON DUCKS zone.
5:46 of 2nd period - Shot by Sean Couturier.
5:46 of 2nd period - Goal by Sean Couturier - SASKATOON DUCKS : 1 - LAS VEGAS LIZARD KINGS : 1.
5:47 of 2nd period - Ryan Nugent-Hopkins wins face-off versus Max Domi in neutral zone.
6:44 of 2nd period - Off-side.
6:45 of 2nd period - Nazem Kadri wins face-off versus Tyson Jost in neutral zone.
7:24 of 2nd period - Shot by Evan Rodrigues.
7:24 of 2nd period - Shot Misses the Net.
7:58 of 2nd period - Patrik Laine is hit by Ty Dellandrea and loses puck.
8:14 of 2nd period - Jimmy Vesey is hit by Ty Dellandrea.
8:57 of 2nd period - Shot by Cole Perfetti.
8:57 of 2nd period - Shot Misses the Net.
10:03 of 2nd period - Shot by Max Domi.
10:03 of 2nd period - Stopped by Kaapo Kahkonen without a rebound.
10:04 of 2nd period - Skyler Brind'Amour wins face-off versus Nazem Kadri in LAS VEGAS LIZARD KINGS zone.
10:26 of 2nd period - Shot by Dylan Holloway.
10:26 of 2nd period - Stopped by Cayden Primeau without a rebound.
10:27 of 2nd period - Drew O'Connor wins face-off versus Max Domi in SASKATOON DUCKS zone.
11:46 of 2nd period - Shot by Nazem Kadri.
11:46 of 2nd period - Stopped by Cayden Primeau with a rebound.
12:24 of 2nd period - Icing by Alex Goligoski.
12:25 of 2nd period - Tyson Jost wins face-off versus Ryan Nugent-Hopkins in SASKATOON DUCKS zone.
13:30 of 2nd period - Shot by William Cuylle.
13:30 of 2nd period - Stopped by Cayden Primeau without a rebound.
13:31 of 2nd period - Max Domi wins face-off versus Nazem Kadri in SASKATOON DUCKS zone.
13:41 of 2nd period - Shot by Nazem Kadri.
13:41 of 2nd period - Stopped by Cayden Primeau without a rebound.
13:42 of 2nd period - Sean Couturier wins face-off versus Skyler Brind'Amour in SASKATOON DUCKS zone.
13:45 of 2nd period - Shot by Luke Glendening.
13:45 of 2nd period - Shot Blocked by Jake Sanderson.
13:52 of 2nd period - Jake Sanderson is hit by Ryan McDonagh.
13:56 of 2nd period - Shot by Jake Sanderson.
13:56 of 2nd period - Shot Misses the Net.
14:35 of 2nd period - Shot by Nazem Kadri.
14:35 of 2nd period - Shot Blocked by Andrew Peeke.
14:37 of 2nd period - Shot by Niko Mikkola.
14:37 of 2nd period - Shot Blocked by Erik Gustafsson.
14:39 of 2nd period - Shot by Dylan Holloway.
14:39 of 2nd period - Stopped by Cayden Primeau without a rebound.
14:40 of 2nd period - Jordan Staal wins face-off versus Johnny Gaudreau in SASKATOON DUCKS zone.
14:42 of 2nd period - Icing by Jake Sanderson.
14:43 of 2nd period - Nazem Kadri wins face-off versus Jordan Staal in SASKATOON DUCKS zone.
15:00 of 2nd period - Shot by Nazem Kadri.
15:00 of 2nd period - Shot Blocked by Jake Sanderson.
15:17 of 2nd period - Nazem Kadri is hit by Emil Martinsen Lilleberg and loses puck.
15:24 of 2nd period - Shot by Nazem Kadri.
15:24 of 2nd period - Shot Blocked by Emil Martinsen Lilleberg.
15:26 of 2nd period - Shot by Matt Roy.
15:26 of 2nd period - Stopped by Cayden Primeau with a rebound.
15:53 of 2nd period - Shot by Ryan Nugent-Hopkins.
15:53 of 2nd period - Shot Blocked by Jake Sanderson.
15:57 of 2nd period - Shot by Ryan Nugent-Hopkins.
15:57 of 2nd period - Shot Misses the Net.
16:02 of 2nd period - Ryan Nugent-Hopkins is hit by Emil Martinsen Lilleberg and loses puck.
16:09 of 2nd period - Shot by Ryan Nugent-Hopkins.
16:09 of 2nd period - Deflect By Johnny Gaudreau.
16:09 of 2nd period - Stopped by Cayden Primeau without a rebound.
16:10 of 2nd period - Sean Couturier wins face-off versus Brandon Biro in SASKATOON DUCKS zone.
16:50 of 2nd period - Mathieu Joseph is hit by John Marino and loses puck.
17:13 of 2nd period - Shot by Nazem Kadri.
17:13 of 2nd period - Stopped by Cayden Primeau without a rebound.
17:14 of 2nd period - Skyler Brind'Amour wins face-off versus Ryan Nugent-Hopkins in SASKATOON DUCKS zone.
17:14 of 2nd period - Skyler Brind'Amour is hit by Vladislav Namestnikov.
17:32 of 2nd period - Shot by Ryan Nugent-Hopkins.
17:32 of 2nd period - Shot Blocked by Matthew Stienburg.
17:51 of 2nd period - Off-side.
17:52 of 2nd period - Tyson Jost wins face-off versus Dylan Holloway in neutral zone.
18:02 of 2nd period - Shot by Jimmy Vesey.
18:02 of 2nd period - Shot Blocked by Matt Roy.
18:07 of 2nd period - Icing by Dmitry Kulikov.
18:08 of 2nd period - Nazem Kadri wins face-off versus Max Domi in LAS VEGAS LIZARD KINGS zone.
18:31 of 2nd period - Shot by Mathieu Joseph.
18:31 of 2nd period - Stopped by Kaapo Kahkonen without a rebound.
18:32 of 2nd period - Tyson Jost wins face-off versus Ty Dellandrea in LAS VEGAS LIZARD KINGS zone.
18:35 of 2nd period - Shot by Patrik Laine.
18:35 of 2nd period - Shot Misses the Net.
18:52 of 2nd period - Icing by Andrew Peeke.
18:53 of 2nd period - Ryan Nugent-Hopkins wins face-off versus Tyson Jost in SASKATOON DUCKS zone.
18:53 of 2nd period - Johnny Gaudreau is hit by Andrew Peeke and loses puck.
19:31 of 2nd period - Icing by Dmitry Kulikov.
19:32 of 2nd period - Max Domi wins face-off versus Ryan Nugent-Hopkins in LAS VEGAS LIZARD KINGS zone.
19:39 of 2nd period - Mathieu Joseph is hit by Vladislav Namestnikov.
Goals for this period are 0 for SASKATOON DUCKS vs 1 for LAS VEGAS LIZARD KINGS.
Shots for this period are 5 for SASKATOON DUCKS vs 13 for LAS VEGAS LIZARD KINGS.

3rd period


0:01 of 3rd period - Jordan Staal wins face-off versus Ty Dellandrea in neutral zone.
0:23 of 3rd period - Icing by Jake Sanderson.
0:24 of 3rd period - Jordan Staal wins face-off versus Evan Rodrigues in SASKATOON DUCKS zone.
0:39 of 3rd period - Jake Sanderson is hit by Nazem Kadri and loses puck.
1:20 of 3rd period - Erik Gustafsson is hit by Dylan Holloway and loses puck.
1:47 of 3rd period - Shot by Ty Dellandrea.
1:47 of 3rd period - Shot Blocked by Erik Gustafsson.
2:20 of 3rd period - Minor Penalty to William Cuylle for Hooking.
2:21 of 3rd period - Jordan Staal wins face-off versus Ryan Nugent-Hopkins in LAS VEGAS LIZARD KINGS zone.
2:51 of 3rd period - Icing by Jimmy Vesey.
2:52 of 3rd period - Patrik Laine wins face-off versus Sean Couturier in SASKATOON DUCKS zone.
3:06 of 3rd period - Jake Sanderson is hit by Vladislav Namestnikov and loses puck.
3:40 of 3rd period - Icing by Erik Gustafsson.
3:41 of 3rd period - Ryan Nugent-Hopkins wins face-off versus Max Domi in SASKATOON DUCKS zone.
3:50 of 3rd period - Simon Nemec is hit by Max Domi and loses puck.
4:07 of 3rd period - Shot by Kailer Yamamoto.
4:07 of 3rd period - Stopped by Kaapo Kahkonen with a rebound.
4:19 of 3rd period - Shot by Jake Sanderson.
4:19 of 3rd period - Stopped by Kaapo Kahkonen without a rebound.
4:20 of 3rd period - Skyler Brind'Amour wins face-off versus Ty Dellandrea in LAS VEGAS LIZARD KINGS zone.
4:25 of 3rd period - Shot by Brett Harrison.
4:25 of 3rd period - Shot Blocked by Drew O'Connor.
4:28 of 3rd period - Icing by Matt Roy.
4:29 of 3rd period - Skyler Brind'Amour wins face-off versus Ty Dellandrea in LAS VEGAS LIZARD KINGS zone.
4:40 of 3rd period - Shot by Drew O'Connor.
4:40 of 3rd period - Stopped by Cayden Primeau without a rebound.
4:41 of 3rd period - Jordan Staal wins face-off versus Ryan Nugent-Hopkins in SASKATOON DUCKS zone.
5:04 of 3rd period - Shot by Kailer Yamamoto.
5:04 of 3rd period - Stopped by Kaapo Kahkonen without a rebound.
5:05 of 3rd period - Nazem Kadri wins face-off versus Tyson Jost in LAS VEGAS LIZARD KINGS zone.
5:10 of 3rd period - Shot by Nazem Kadri.
5:10 of 3rd period - Shot Misses the Net.
5:12 of 3rd period - Shot by Evan Rodrigues.
5:12 of 3rd period - Shot Misses the Net.
5:33 of 3rd period - Icing by Andrew Peeke.
5:34 of 3rd period - Sean Couturier wins face-off versus Tyson Jost in SASKATOON DUCKS zone.
5:54 of 3rd period - Icing by Jimmy Vesey.
5:55 of 3rd period - Ryan Nugent-Hopkins wins face-off versus Tyson Jost in SASKATOON DUCKS zone.
6:08 of 3rd period - Shot by Vladislav Namestnikov.
6:08 of 3rd period - Shot Blocked by Andrew Peeke.
6:27 of 3rd period - Ryan Nugent-Hopkins is hit by Jake Sanderson and loses puck.
6:30 of 3rd period - Shot by Johnny Gaudreau.
6:30 of 3rd period - Shot Blocked by Jake Sanderson.
7:28 of 3rd period - Icing by Simon Nemec.
7:29 of 3rd period - Nazem Kadri wins face-off versus Max Domi in LAS VEGAS LIZARD KINGS zone.
7:34 of 3rd period - Shot by Ryan McDonagh.
7:34 of 3rd period - Shot Misses the Net.
8:00 of 3rd period - Shot by Evan Rodrigues.
8:00 of 3rd period - Shot Misses the Net.
9:22 of 3rd period - Shot by Cole Perfetti.
9:22 of 3rd period - Goal by Cole Perfetti - SASKATOON DUCKS : 2 - LAS VEGAS LIZARD KINGS : 1.
9:23 of 3rd period - Ryan Nugent-Hopkins wins face-off versus Tyson Jost in neutral zone.
9:48 of 3rd period - Shot by Ryan Nugent-Hopkins.
9:48 of 3rd period - Stopped by Cayden Primeau without a rebound.
9:49 of 3rd period - Jordan Staal wins face-off versus Evan Rodrigues in SASKATOON DUCKS zone.
10:14 of 3rd period - Shot by Evan Rodrigues.
10:14 of 3rd period - Shot Blocked by Erik Gustafsson.
11:26 of 3rd period - Mathieu Joseph is hit by Drew O'Connor and loses puck.
12:24 of 3rd period - Shot by Ryan Nugent-Hopkins.
12:24 of 3rd period - Shot Misses the Net.
13:14 of 3rd period - Shot by Dylan Holloway.
13:14 of 3rd period - Stopped by Cayden Primeau without a rebound.
13:15 of 3rd period - Jordan Staal wins face-off versus Sean Couturier in SASKATOON DUCKS zone.
13:36 of 3rd period - Shot by Jordan Staal.
13:36 of 3rd period - Stopped by Kaapo Kahkonen without a rebound.
13:37 of 3rd period - Jimmy Vesey wins face-off versus Nazem Kadri in LAS VEGAS LIZARD KINGS zone.
13:42 of 3rd period - Shot by Tyson Jost.
13:42 of 3rd period - Stopped by Kaapo Kahkonen without a rebound.
13:43 of 3rd period - Ryan Nugent-Hopkins wins face-off versus Skyler Brind'Amour in LAS VEGAS LIZARD KINGS zone.
13:45 of 3rd period - Icing by Johnny Gaudreau.
13:46 of 3rd period - Ryan Nugent-Hopkins wins face-off versus Skyler Brind'Amour in LAS VEGAS LIZARD KINGS zone.
13:46 of 3rd period - Ryan Nugent-Hopkins is hit by Brett Harrison.
15:26 of 3rd period - Icing by Jimmy Vesey.
15:27 of 3rd period - Tyson Jost wins face-off versus Ty Dellandrea in SASKATOON DUCKS zone.
15:27 of 3rd period - Tyson Jost is hit by Zemgus Girgensons.
16:37 of 3rd period - Shot by William Cuylle.
16:37 of 3rd period - Shot Blocked by Andrew Peeke.
16:41 of 3rd period - Shot by Luke Glendening.
16:41 of 3rd period - Shot Misses the Net.
16:53 of 3rd period - Shot by Mathieu Joseph.
16:53 of 3rd period - Shot Blocked by John Marino.
17:36 of 3rd period - Shot by Nazem Kadri.
17:36 of 3rd period - Stopped by Cayden Primeau without a rebound.
17:37 of 3rd period - Tyson Jost wins face-off versus Ryan Nugent-Hopkins in SASKATOON DUCKS zone.
18:27 of 3rd period - Icing by Jake Sanderson.
18:28 of 3rd period - Tyson Jost wins face-off versus Nazem Kadri in SASKATOON DUCKS zone.
18:52 of 3rd period - Shot by Cole Perfetti.
18:52 of 3rd period - Stopped by Kaapo Kahkonen with a rebound.
18:54 of 3rd period - Shot by Kailer Yamamoto.
18:54 of 3rd period - Stopped by Kaapo Kahkonen with a rebound.
19:05 of 3rd period - Shot by Alex Goligoski.
19:05 of 3rd period - Shot Blocked by Niko Mikkola.
19:07 of 3rd period - Shot by Alex Goligoski.
19:07 of 3rd period - Shot Misses the Net.
19:09 of 3rd period - Shot by Jordan Staal.
19:09 of 3rd period - Deflect By Cole Perfetti.
19:09 of 3rd period - Goal by Cole Perfetti - SASKATOON DUCKS : 3 - LAS VEGAS LIZARD KINGS : 1.
19:10 of 3rd period - Ty Dellandrea wins face-off versus Skyler Brind'Amour in neutral zone.
19:10 of 3rd period - Ty Dellandrea is hit by Brett Harrison.
19:13 of 3rd period - Drew O'Connor is hit by Emil Martinsen Lilleberg.
19:24 of 3rd period - Drew O'Connor is hit by Emil Martinsen Lilleberg and loses puck.
19:46 of 3rd period - Drew O'Connor is hit by Emil Martinsen Lilleberg and loses puck.
19:50 of 3rd period - Icing by Jake Sanderson.
19:51 of 3rd period - Skyler Brind'Amour wins face-off versus Sean Couturier in SASKATOON DUCKS zone.
Goals for this period are 2 for SASKATOON DUCKS vs 0 for LAS VEGAS LIZARD KINGS.
Shots for this period are 9 for SASKATOON DUCKS vs 4 for LAS VEGAS LIZARD KINGS.


MATTHEW
TKACHUK
TOM
WILSON
JAKE
GUENTZEL